 Dungeon Crawl Stone Soup version 0.22.1-2-g9c5b331 (webtiles) character file.

335983 Lavandula the Executioner (level 20, -2/177 (181) HPs)
             Began as a Centaur Berserker on Nov 12, 2018.
             Was a High Priest of Makhleb.
             Slain by a two-headed ogre
             ... wielding a +0 giant club
             ... summoned by a shadow demon
             ... summoned by a deep elf demonologist
              (7 damage)
             ... while paralysed by a sphinx
             ... on level 5 of the Vaults on Nov 13, 2018.
             The game lasted 02:48:48 (20496 turns).

Lavandula the Executioner (Centaur Berserker)      Turns: 20496, Time: 02:48:48

HP:   -2/177 (181)  AC: 24    Str: 29 (30) XL:     20   Next: 59%
MP:   0/27          EV:  1    Int:  7      God:    Makhleb [*****.]
Gold: 383           SH:  0    Dex: 17      Spells: 14/29 levels left

rFire    . . .     SeeInvis +   U - +9 battleaxe of Nef Etir {drain, +Inv rC++ Dex-4 Stlth+}
rCold    + + .     Gourm    .   (shield currently unavailable)
rNeg     + . .     Faith    .   O - +2 ring mail of Fortitude {Str+4 SInv}
rPois    +         Spirit   +   N - +2 helmet
rElec    .         Reflect  .   w - scarf {Spirit}
rCorr    +         Harm     .   Z - +0 pair of gloves of Vulasaxt {rPois rN+ Regen+ Str-4}
MR       +....                  D - +4 centaur barding
Stlth    ++++......             g - amulet of regeneration
HPRegen  1.19/turn              V - ring of resist corrosion
MPRegen  0.20/turn              P - ring of Satisfaction {Dex+2 Slay+5 Stlth+}

@: paralysed, mighty, agile, lethally poisoned (-2 -> -2), hasted, very quick
A: large, hooves 3, thin skeletal structure 1, deformed body, speed 2, robust 1,
tough skin 3, MP-powered wands
}: 3/15 runes: barnacled, slimy, gossamer
a: Minor Destruction, Lesser Servant of Makhleb, Major Destruction, Greater
Servant of Makhleb, Renounce Religion, Evoke Invisibility


You were on level 5 of the Vaults.
You worshipped Makhleb.
Makhleb was extremely pleased with you.
You were not hungry.

You visited 7 branches of the dungeon, and saw 41 of its levels.
You visited 1 bazaar.
You also visited: Labyrinth and Ice Cave.

You collected 2823 gold pieces.
You spent 2440 gold pieces at shops.

Inventory:

Hand Weapons
 a - a +5 battleaxe of electrocution
 U - the +9 battleaxe of Nef Etir (weapon) {drain, +Inv rC++ Dex-4 Stlth+}
   (Trog gifted it to you on level 2 of the Shoals)

   A truly terrible weapon, it drains the life of those it strikes.
   It affects your dexterity (-4).
   It greatly protects you from cold.
   It lets you turn invisible.
   It makes you more stealthy.
 Y - a +3 executioner's axe of freezing
Missiles
 E - 13 poisoned javelins (quivered)
 X - 5 throwing nets
Armour
 r - +0 ice dragon scales
 w - a scarf of spirit shield (worn)
 D - a +4 centaur barding (worn)
 M - the +1 scale mail of the Amoeba {rF++ rN+ Dex-2 SInv}
   (You bought it in a shop on level 2 of the Orcish Mines)

   It affects your dexterity (-2).
   It greatly protects you from fire.
   It protects you from negative energy.
   It lets you see invisible.
 N - a +2 helmet (worn)
 O - the +2 ring mail of Fortitude (worn) {Str+4 SInv}
   (You found it on level 4 of the Vaults)

   It affects your strength (+4).
   It lets you see invisible.
 T - a +0 troll leather armour
 Z - the +0 pair of gloves of Vulasaxt (worn) {rPois rN+ Regen+ Str-4}
   (You found it in a labyrinth)

   It affects your strength (-4).
   It protects you from poison.
   It protects you from negative energy.
   It increases your rate of regeneration.
Jewellery
 g - an amulet of regeneration (around neck)
 t - the ring of Kevvilut {rC- EV+4 Int+6 Dex+5}
   (You took it off a boggart on level 11 of the Dungeon)

   [ring of evasion]

   It affects your evasion (+4).
   It affects your intelligence (+6).
   It affects your dexterity (+5).
   It makes you vulnerable to cold.
 G - the ring of Dafiv {rPois rN++ Int-4 Dex+4 SInv}
   (You found it on level 5 of the Pits of Slime)

   [ring of poison resistance]

   It affects your intelligence (-4).
   It affects your dexterity (+4).
   It protects you from poison.
   It greatly protects you from negative energy.
   It lets you see invisible.
 I - the amulet "Fuujownait" {Acrobat rC+ rN+ Slay+2 SInv}
   (You found it on level 5 of the Pits of Slime)

   [amulet of the acrobat]

   It helps you evade while moving and waiting.
   It affects your accuracy and damage with ranged weapons and melee attacks
   (+2).
   It protects you from cold.
   It protects you from negative energy.
   It lets you see invisible.
 J - an uncursed ring of wizardry
 P - the ring of Satisfaction (right hand) {Dex+2 Slay+5 Stlth+}
   (You found it on level 11 of the Dungeon)

   [ring of dexterity]

   It affects your dexterity (+2).
   It affects your accuracy and damage with ranged weapons and melee attacks
   (+5).
   It makes you more stealthy.
 Q - the ring "Hagg" {rF+ MR++ Dex+3}
   (You took it off a deep elf mage on level 11 of the Dungeon)

   [ring of protection from fire]

   It affects your dexterity (+3).
   It protects you from fire.
   It affects your resistance to hostile enchantments.
 R - the ring of Qewib {+Fly rC+ rN+ Int-3}
   (You took it off a centaur warrior on level 11 of the Dungeon)

   [ring of positive energy]

   It affects your intelligence (-3).
   It protects you from cold.
   It protects you from negative energy.
   It lets you fly.
 V - a ring of resist corrosion (left hand)
Wands
 n - a wand of digging (7)
 o - a wand of clouds (2)
 q - a wand of iceblast (20)
 y - a wand of enslavement (10)
 K - a wand of paralysis (37)
Scrolls
 b - a scroll of identify
 f - 6 scrolls of magic mapping
 k - 5 scrolls of immolation
 s - 6 scrolls of fog
 v - 8 scrolls of teleportation
 z - a scroll of holy word
 F - 10 scrolls of remove curse
 L - 2 scrolls of silence
Potions
 d - a potion of cancellation
 e - 2 potions of haste
 i - 4 potions of magic
 j - a potion of mutation
 l - 8 potions of curing
 m - 5 potions of heal wounds
 p - 4 potions of might
 u - a potion of invisibility
 x - 3 potions of brilliance
 B - 6 potions of ambrosia
 C - 4 potions of agility
 H - a potion of berserk rage
Miscellaneous
 h - a lightning rod (4/4)
 A - a phial of floods (inert)
 S - a phantom mirror
Comestibles
 c - 22 rations


   Skills:
 - Level 11.1 Fighting
 + Level 23.2 Axes
 - Level 10.1 Armour
 - Level 9.2 Dodging
 - Level 5.0 Spellcasting
 - Level 3.8 Charms
 - Level 6.4 Necromancy
 - Level 6.6 Translocations
 - Level 4.7 Invocations
 - Level 5.5 Evocations


You had 14 spell levels left.
You knew the following spells:

 Your Spells              Type           Power        Failure   Level  Hunger
a - Blink                 Tloc           N/A          3%          2    ###....
b - Passage of Golubria   Tloc           N/A          24%         4    #####..
c - Regeneration          Chrm/Necr      #.........   14%         3    ###....
d - Shroud of Golubria    Chrm/Tloc      #.........   7%          2    ###....
e - Spectral Weapon       Hex/Chrm       #.......     45%         3    ###....
g - Apportation           Tloc           ##....       2%          1    #......

Your spell library contained the following spells:

 Spells                   Type           Power        Failure   Level  Hunger
 Animate Skeleton         Necr           N/A          2%          1    #......
 Infusion                 Chrm           #...         8%          1    #......
 Gell's Gravitas          Tloc           ##........   8%          3    ###....
 Lesser Beckoning         Tloc           ##........   8%          3    ###....
 Teleport Other           Tloc           ##......     8%          3    ###....
 Song of Slaying          Chrm           #.......     12%         2    ###....
 Portal Projectile        Hex/Tloc       #.....       28%         3    ###....
 Beastly Appendage        Tmut           #.....       36%         1    #......
 Confusing Touch          Hex            #.....       36%         1    #......
 Corona                   Hex            #......      36%         1    #......
 Flame Tongue             Conj/Fire      #....        36%         1    #......
 Freeze                   Ice            #...         36%         1    #......
 Sandblast                Erth           #.....       36%         1    #......
 Summon Small Mammal      Summ           #...         36%         1    #......
 Ozocubu's Armour         Chrm/Ice       #.......     45%         3    ###....
 Passwall                 Tmut/Erth      #.......     50%         2    ###....
 Poisonous Vapours        Pois/Air       #.....       50%         2    ###....
 Slow                     Hex            #.......     50%         2    ###....
 Sticks to Snakes         Tmut           #.......     50%         2    ###....
 Throw Frost              Conj/Ice       #.....       50%         2    ###....
 Conjure Flame            Conj/Fire      #.......     73%         3    ###....
 Ignite Poison            Fire/Tmut/Pois #.......     73%         3    ###....
 Inner Flame              Hex/Fire       #.......     73%         3    ###....
 Mephitic Cloud           Conj/Pois/Air  #.......     73%         3    ###....
 Spider Form              Tmut/Pois      #.........   73%         3    ###....
 Static Discharge         Conj/Air       #.......     73%         3    ###....
 Stone Arrow              Conj/Erth      #.....       73%         3    ###....
 Cause Fear               Hex            #.........   98%         4    #####..
 Fulminant Prism          Conj/Hex       #.........   98%         4    #####..
 Ice Form                 Ice/Tmut       #.......     98%         4    #####..
 Leda's Liquefaction      Hex/Erth       #.........   98%         4    #####..
 Olgreb's Toxic Radiance  Pois           #.......     98%         4    #####..
 Petrify                  Tmut/Erth      #.......     98%         4    #####..
 Summon Ice Beast         Ice/Summ       #.......     98%         4    #####..
 Throw Icicle             Conj/Ice       #.......     98%         4    #####..
 Blade Hands              Tmut           #.........   100%        5    ######.
 Fireball                 Conj/Fire      #.........   100%        5    ######.
 Lee's Rapid Deconstruct  Erth           #.........   100%        5    ######.
 Lightning Bolt           Conj/Air       #.........   100%        5    ######.
 Bolt of Fire             Conj/Fire      #.........   100%        6    #######
 Darkness                 Hex            #.........   100%        6    #######
 Freezing Cloud           Conj/Ice/Air   #.........   100%        6    #######
 Malign Gateway           Summ/Tloc      #.........   100%        7    #######
 Ring of Flames           Chrm/Fire      #.........   100%        7    #######
 Ignition                 Fire           #.........   100%        8    #######
 Shatter                  Erth           #.........   100%        9    #######
 Tornado                  Air            #.........   100%        9    #######


Dungeon Overview and Level Annotations

Branches:
Dungeon (15/15)              Lair (6/6) D:9          Shoals (4/4) Lair:2
 Spider (4/4) Lair:3        Slime (5/5) Lair:6          Orc (2/2) D:11
    Elf (0/3) Orc:2        Vaults (5/5) D:13          Crypt (0/3) Vaults:2
 Temple: D:4-7       Depths: D:15

Altars:
Ashenzari
Cheibriados
Dithmenos
Elyvilon
Fedhas
Gozag
Makhleb
Nemelex Xobeh
Qazlal
Sif Muna
Trog
Vehumet
Wu Jian
Zin
The Shining One
Beogh
Jiyva

Shops:
Orc:1 *   Orc:2 ?:[*((!:   Vaults:3 [

Portals:
Bazaar: Shoals:2

Annotations:
Lair:3 spider
Shoals:2 market
Slime:3 Dissolution
Slime:4 exclusion: upstairs
Vaults:2 crypt
Vaults:4 Ipsuos's ghost, adept MfVM


Innate Abilities, Weirdness & Mutations

You have hooves in place of feet.
Armour fits poorly on your strangely shaped body.
You cover ground very quickly.
You have extremely tough skin. (AC +3)
You have a somewhat thin skeletal structure. (Dex +2, Stealth)
You are robust. (+10% HP)
You expend magic power (3 MP) to strengthen your wands.


Message History

The Executioner hits you but does no damage.
The Executioner hits you.
* * * LOW HITPOINT WARNING * * *
The Executioner hits you but does no damage.
Your skin stops crawling.
You feel sick.
The ogre shouts!
The Executioner gestures at you. You resist with some effort.
The deep elf knight hits you with a short sword.
* * * LOW HITPOINT WARNING * * *
The Executioner hits you but does no damage. x2
The Executioner hits you.
* * * LOW HITPOINT WARNING * * *
The ironheart preserver hits you but does no damage.
A two-headed ogre comes into view.
It is wielding a giant club and a giant The two-headed ogre hits you with a giant club!
* * * LOW HITPOINT WARNING * * *
The two-headed ogre hits you with a giant spiked club!
You die...

#....# #
#..#.e..# .#.
#4##..#..$.# #..#
p.....#....#..e..
....#....#...##
....u..e9D.....
#####...HeDC.####
......[O1@pDc....
......4OOeQ*.....
......O2OCe......
.....545OO(......
#####.3.G5.(.####
.D.C........
..O.#....#...
OO..#..9.#....
..O..#....# ..


You could see a shadow dragon, an ironheart preserver, a titan, a golden dragon,
a storm dragon, a frost giant, a white very ugly thing, a quicksilver dragon, a
sphinx, a stone giant, a tengu reaver, an Executioner, 4 two-headed ogres, 2
ogre magi, a shadow demon, a deep elf demonologist, 2 war gargoyles, an orange
demon, a deep elf archer, 2 deep elf knights, a deep elf high priest, a yaktaur,
a deep elf mage, a ynoxinul, a red devil, 4 ogres, a floating eye, a
battlesphere and 3 ufetubi.

Vanquished Creatures
  the Royal Jelly (Slime:5)
  Nikola (Shoals:2)
  A golden dragon (Vaults:4)
  A lich (Vaults:4)
  Rupert (Lair:3)
  2 titans (Vaults:4)
  A kraken (Shoals:3)
  18 acid blobs
  8 azure jellies
  2 tengu reavers
  2 frost giants (Vaults:4)
  6 vault wardens
  3 fire giants
  4 emperor scorpions
  3 ghost moths (Spider:4)
  Louise (Shoals:1)
  8 ironheart preservers
  2 orc warlords
  5 very ugly things
  3 stone giants
  2 spark wasps
  A deep elf demonologist (Vaults:5)
  A minotaur (Lab)
  3 entropy weavers
  An ettin (Orc:2)
  A deep elf death mage (Vaults:4)
  2 merfolk javelineers
  4 yaktaur captains
  A fire dragon (Lair:6)
  6 merfolk impalers
  7 great orbs of eyes
  3 death oozes (Slime:5)
  6 ogre magi
  28 vault guards
  2 ice dragons
  A rakshasa (Vaults:1)
  2 hydras
  3 centaur warriors
  5 merfolk aquamancers
  2 death knights
  21 two-headed ogres
  A tengu warrior (D:11)
  9 death yaks
  An orc high priest (Orc:2)
  Urug (Orc:2)
  A storm dragon zombie (Vaults:5)
  Sonja (Orc:2)
  5 deep elf knights
  An iron troll (Vaults:4)
  2 shadow wraiths
  4 hell knights (Vaults:4)
  4 deep trolls (Vaults:2)
  5 sea snakes
  2 unseen horrors
  2 deep elf archers (Vaults:2)
  9 harpies
  A swamp dragon (Lair:6)
  A phantasmal warrior (Vaults:4)
  A wizard (Vaults:3)
  5 necromancers
  10 ironbrand convokers
  4 orc sorcerers
  A stone giant zombie (Vaults:2)
  18 wolf spiders
  9 orb spiders
  8 orc knights
  11 ugly things
  8 fauns
  6 elephants (Lair:5)
  9 manticores
  9 deep elf magi
  A manticore (shapeshifter) (Vaults:1)
  5 shining eyes
  9 cyclopes
  An oklob plant (Lair:5)
  6 water nymphs
  2 ice statues (IceCv)
  A black mamba (Lair:3)
  A fire giant skeleton (Vaults:5)
  5 vault sentinels
  7 eyes of devastation
  4 merfolk sirens
  A moth of wrath (Spider:4)
  A centaur zombie (D:7)
  2 torpor snails
  4 spiny frogs
  Psyche (D:9)
  2 rime drakes (Lair:6)
  4 komodo dragons
  4 freezing wraiths
  11 yaktaurs
  A tengu conjurer (D:11)
  2 efreet
  7 demonic crawlers
  A human skeleton (Vaults:2)
  15 merfolk
  A troll (shapeshifter) (Vaults:1)
  A yaktaur skeleton (Vaults:5)
  7 polar bears
  8 hornets
  2 wind drakes (Shoals:4)
  A meliai (shapeshifter) (Vaults:2)
  27 jumping spiders
  5 trolls
  Prince Ribbit (D:6)
  70 slime creatures
  18 blink frogs
  An ettin zombie (Vaults:2)
  7 snapping turtles
  6 dream sheep
  7 hippogriffs
  A shadow (D:13)
  8 water elementals
  53 redbacks
  29 tarantellas
  A wyvern (D:11)
  A wraith (D:12)
  9 yaks
  3 golden eyes (Slime:4)
  A steam dragon (D:11)
  12 wargs
  2 hungry ghosts (D:8)
  Edmund (D:6)
  A deep troll zombie (Vaults:4)
  4 acid dragons
  33 orc warriors
  7 water moccasins
  A porcupine (Lair:3)
  12 ice beasts
  5 black bears
  2 swamp drakes (Lair:6)
  A boggart (D:11)
  A sky beast (D:7)
  4 eyes of draining (Slime:5)
  An elf zombie (Vaults:2)
  33 ogres
  3 phantoms
  6 centaurs
  11 wolves
  9 crocodiles
  10 bullfrogs
  A big kobold (D:8)
  A glowing shapeshifter simulacrum (Vaults:2)
  A wyvern zombie (D:9)
  3 scorpions
  A water moccasin skeleton (D:4)
  3 killer bees
  4 wights (D:9)
  A howler monkey (D:4)
  A bullfrog zombie (D:11)
  3 crimson imps
  9 hounds
  2 quasits
  A bullfrog skeleton (D:11)
  24 orc priests
  Crazy Yiuf (D:2)
  A jelly (D:6)
  9 iguanas
  28 orc wizards
  6 worker ants
  A hound zombie (D:5)
  A howler monkey zombie (D:5)
  2 worker ant zombies (D:11)
  6 adders
  4 gnolls (D:6)
  3 shadow imps
  3 oozes
  An adder zombie (D:8)
  An adder skeleton (D:4)
  3 worms
  4 leopard geckos
  77 orcs
  5 giant cockroaches
  10 goblins
  11 hobgoblins
  8 jackals
  5 quokkas
  A ball python skeleton (D:4)
  7 bats
  8 frilled lizards
  13 kobolds
  A quokka zombie (D:6)
  7 rats
  2 fungi (Lair:3)
  15 plants
  4 tentacles (Shoals:3)
1152 creatures vanquished.

Vanquished Creatures (collateral kills)
  An emperor scorpion (Spider:4)
  An orc sorcerer (Orc:2)
  A manticore (Shoals:4)
  A vault sentinel (Vaults:3)
  A demonic crawler (Spider:4)
  A merfolk (Shoals:4)
  A troll (Orc:2)
  A snapping turtle (Shoals:4)
  A redback (Spider:4)
  An orc warrior (Orc:2)
  An electric eel (Lair:1)
11 creatures vanquished.

Vanquished Creatures (others)
  A merfolk aquamancer (Shoals:4)
  A merfolk (Shoals:3)
  2 redbacks
  An orc warrior (Vaults:1)
  A black bear (D:13)
  8 fungi (Lair:5)
  3 plants
  9 tentacles (Shoals:3)
26 creatures vanquished.

Grand Total: 1189 creatures vanquished

Notes
Turn   | Place    | Note
-------+----------+-------------------------------------------
     0 | D:1      | Lavandula the Centaur Berserker began the quest for the
                  | Orb.
     0 | D:1      | Reached XP level 1. HP: 19/19 MP: 1/1
    55 | D:1      | Reached skill level 3 in Axes
   116 | D:1      | Found a shattered altar of Ashenzari.
   134 | D:1      | Reached XP level 2. HP: 22/26 MP: 2/2
   342 | D:1      | Reached ** piety under Trog
   376 | D:2      | Reached XP level 3. HP: 31/31 MP: 3/3
   460 | D:2      | Found a runed door.
   464 | D:2      | Noticed Crazy Yiuf
   470 | D:2      | Killed Crazy Yiuf
   470 | D:2      | Reached skill level 4 in Axes
   540 | D:2      | Reached XP level 4. HP: 33/38 MP: 4/4
   567 | D:2      | Found a glowing golden altar of the Shining One.
   900 | D:3      | Found a white marble altar of Elyvilon.
   903 | D:3      | Found a stormy altar of Qazlal.
   903 | D:3      | Found a sparkling altar of Nemelex Xobeh.
   954 | D:3      | Reached XP level 5. HP: 46/46 MP: 2/5
  1086 | D:3      | Reached *** piety under Trog
  1183 | D:3      | Found a burning altar of Makhleb.
  1186 | D:3      | Noticed a balrug
  1293 | D:5      | Entered Level 5 of the Dungeon
  1320 | D:4      | Reached skill level 5 in Fighting
  1429 | D:4      | Noticed a phantom
  1453 | D:4      | Reached XP level 6. HP: 36/56 MP: 6/6
  1530 | D:3      | Found a deep blue altar of Sif Muna.
  1694 | D:4      | Reached XP level 7. HP: 46/61 MP: 7/7
  1699 | D:4      | Reached skill level 5 in Axes
  1878 | D:4      | Received a gift from Trog
  1933 | D:5      | Reached **** piety under Trog
  1976 | D:5      | Reached skill level 6 in Axes
  2302 | D:6      | Reached skill level 7 in Axes
  2427 | D:6      | Noticed Prince Ribbit
  2432 | D:6      | Reached XP level 8. HP: 69/69 MP: 8/8
  2433 | D:6      | Killed Prince Ribbit
  2444 | D:6      | Found a snail-covered altar of Cheibriados.
  2687 | D:7      | Reached skill level 8 in Axes
  2735 | D:7      | Reached skill level 9 in Axes
  2973 | D:7      | Reached XP level 9. HP: 74/74 MP: 10/10
  3148 | D:7      | Reached skill level 10 in Axes
  3217 | D:6      | HP: 1/74 [killer bee (9)]
  3245 | D:6      | Noticed Edmund
  3253 | D:6      | Killed Edmund
  3307 | D:6      | Found an ornate altar of the Wu Jian Council.
  3400 | D:8      | Found a shadowy altar of Dithmenos.
  3582 | D:8      | Reached skill level 11 in Axes
  3654 | D:8      | Noticed an efreet
  3718 | D:8      | Killed an efreet
  3871 | D:9      | Reached XP level 10. HP: 81/81 MP: 11/11
  3886 | D:9      | Noticed Psyche
  3894 | D:9      | Killed Psyche
  3894 | D:9      | Reached skill level 12 in Axes
  3906 | D:10     | Entered Level 10 of the Dungeon
  4030 | D:9      | Noticed a death yak
  4030 | D:9      | Noticed a death yak
  4031 | D:9      | Noticed a death yak
  4031 | D:9      | Noticed a death yak
  4065 | D:9      | Found a staircase to the Lair.
  4076 | D:9      | Noticed a death yak
  4173 | D:9      | Found an opulent altar of Gozag.
  4173 | D:9      | Found a glowing silver altar of Zin.
  4728 | D:11     | Noticed a tengu warrior
  4787 | D:11     | Killed a tengu warrior
  4966 | D:11     | Killed an unseen horror
  5014 | D:11     | Found a blossoming altar of Fedhas.
  5131 | D:11     | Noticed a brown ugly thing
  5137 | D:11     | Noticed a two-headed ogre
  5149 | D:11     | Killed a brown ugly thing
  5149 | D:11     | Reached skill level 13 in Axes
  5149 | D:11     | Reached XP level 11. HP: 86/88 MP: 6/12
  5228 | D:11     | Killed a two-headed ogre
  5323 | D:11     | Noticed a brown ugly thing
  5511 | D:11     | Got a transparent platinum ring
  5516 | D:11     | Identified the ring of Kevvilut {rC- EV+4 Int+6 Dex+5} (You
                  | took it off a boggart on level 11 of the Dungeon)
  5555 | D:11     | Got a shimmering lapis lazuli ring
  5557 | D:11     | Identified the ring of Satisfaction {Dex+2 Slay+5 Stlth+}
                  | (You found it on level 11 of the Dungeon)
  5563 | D:11     | Killed a brown ugly thing
  5590 | D:11     | Noticed a centaur warrior
  5603 | D:11     | Noticed a deep elf mage
  5612 | D:11     | Killed a deep elf mage
  5612 | D:11     | Reached skill level 14 in Axes
  5614 | D:11     | Got a bound lead ring
  5616 | D:11     | Identified the ring "Hagg" {rF+ MR++ Dex+3} (You took it
                  | off a deep elf mage on level 11 of the Dungeon)
  5644 | D:11     | Killed a centaur warrior
  5646 | D:11     | Got a shimmering brass ring
  5648 | D:11     | Identified the ring of Qewib {+Fly rC+ rN+ Int-3} (You took
                  | it off a centaur warrior on level 11 of the Dungeon)
  6031 | D:12     | Noticed a five-headed hydra
  6054 | D:11     | Found a staircase to the Orcish Mines.
  6077 | Orc:1    | Entered Level 1 of the Orcish Mines
  6150 | Orc:2    | Entered Level 2 of the Orcish Mines
  6150 | Orc:2    | Found Poqilli's Distillery.
  6176 | Orc:2    | Reached ***** piety under Trog
  6187 | Orc:2    | Bought a potion of degeneration for 14 gold pieces
  6189 | Orc:2    | Bought a potion of haste for 140 gold pieces
  6232 | Orc:2    | Found Piysuv's Book Boutique.
  6254 | Orc:2    | Found a staircase to the Elven Halls.
  6254 | Orc:2    | Found Xophebex's Antique Weapon Emporium.
  6340 | Orc:2    | Noticed an orc sorcerer
  6345 | Orc:2    | Noticed Sonja
  6349 | Orc:2    | Noticed an ettin
  6355 | Orc:2    | Killed an orc sorcerer
  6360 | Orc:2    | Killed an ettin
  6360 | Orc:2    | Reached skill level 15 in Axes
  6369 | Orc:2    | Found a frozen archway.
  6373 | Orc:2    | Killed Sonja
  6382 | IceCv    | Entered an ice cave
  6382 | IceCv    | Noticed a white ugly thing
  6404 | IceCv    | Killed a white ugly thing
  6405 | IceCv    | Reached XP level 12. HP: 20/94 MP: 2/13
  6408 | IceCv    | HP: 6/141 [ice beast (6)]
  6426 | IceCv    | Found a transporter.
  6521 | IceCv    | Found a transporter.
  6641 | IceCv    | Identified the Collected Works on Dislocation
  6850 | Orc:2    | Noticed an orc warlord
  7033 | Orc:2    | Reached skill level 16 in Axes
  7073 | Orc:2    | Noticed Urug
  7102 | Orc:2    | Killed Urug
  7223 | Orc:2    | Found a roughly hewn altar of Beogh.
  7278 | Orc:2    | Killed an orc warlord
  7353 | Orc:2    | Noticed an orc high priest
  7376 | Orc:2    | Killed an orc high priest
  7469 | Orc:2    | Found Inudd's General Store.
  7483 | Orc:2    | Found Hileh's Antique Armour Emporium.
  7506 | Orc:2    | Found Ucuojes's Book Emporium.
  7539 | Orc:2    | Found Doerext's Antique Weapon Emporium.
  7562 | Orc:2    | Bought a +0 centaur barding for 253 gold pieces
  7583 | Orc:2    | Bought a glowing battleaxe for 275 gold pieces
  7696 | Orc:2    | Found Bydgheati's Magic Scroll Shoppe.
  7702 | Orc:2    | Bought a scroll of noise for 15 gold pieces
  7703 | Orc:2    | Bought a scroll of immolation for 52 gold pieces
  7748 | Orc:1    | Noticed an orc warlord
  7770 | Orc:1    | Killed an orc warlord
  7770 | Orc:1    | Reached skill level 17 in Axes
  7804 | Orc:1    | Received a gift from Trog
  7844 | Orc:1    | Found Dunohila's Assorted Antiques.
  7976 | Orc:1    | Bought a sedimented grey potion for 22 gold pieces
  7976 | Orc:1    | Bought a white potion for 22 gold pieces
  7976 | Orc:1    | Bought a glowing silvery potion for 22 gold pieces
  7976 | Orc:1    | Bought a scroll labeled QIDIFI KUADGHAI for 25 gold pieces
  8194 | Orc:1    | Bought a bone wand for 100 gold pieces
  8221 | Orc:1    | Found a radiant altar of Vehumet.
  8310 | Orc:2    | Bought a potion of agility for 56 gold pieces
  8310 | Orc:2    | Bought a potion of might for 56 gold pieces
  8310 | Orc:2    | Bought a potion of ambrosia for 112 gold pieces
  8341 | Orc:1    | Found a bloodstained altar of Trog.
  8485 | D:9      | Noticed a death yak
  8489 | D:9      | Killed a death yak
  8489 | D:9      | Reached XP level 13. HP: 101/101 MP: 12/14
  8515 | D:9      | Received a gift from Trog
  8538 | Lair:1   | Entered Level 1 of the Lair of Beasts
  8706 | Lair:3   | Found a labyrinth entrance.
  8721 | Lair:3   | Reached skill level 18 in Axes
  8737 | Lab      | Entered a labyrinth
  9051 | Lab      | Noticed a minotaur
  9057 | Lab      | Killed a minotaur
  9072 | Lab      | Got a scintillating bone ring
  9078 | Lab      | Identified the ring of Pride {Str-2 Int+8 Stlth+} (You
                  | found it in a labyrinth)
  9084 | Lab      | Got a pair of spiked gloves
  9095 | Lab      | Identified the +0 pair of gloves of Vulasaxt {rPois rN+
                  | Regen+ Str-4} (You found it in a labyrinth)
  9238 | Lair:6   | Entered Level 6 of the Lair of Beasts
  9257 | Lair:6   | Found a viscous altar of Jiyva.
  9258 | Lair:6   | Found a staircase to the Slime Pits.
  9749 | Lair:6   | Noticed a fire dragon
  9760 | Lair:6   | Killed a fire dragon
 10050 | Lair:4   | Reached skill level 19 in Axes
 10083 | Lair:3   | Received a gift from Trog
 10256 | Lair:2   | Found a staircase to the Shoals.
 10275 | Shoals:1 | Entered Level 1 of the Shoals
 10280 | Shoals:1 | Reached XP level 14. HP: 80/107 MP: 11/15
 10358 | Shoals:1 | Noticed Louise
 10388 | Shoals:1 | Killed Louise
 10454 | Shoals:1 | Identified a scroll of acquirement
 10456 | Shoals:1 | Got a pair of bloodstained gloves
 10467 | Shoals:1 | Identified the +1 pair of gloves of the Land of Plenty
                  | {Int+2} (You acquired it on level 1 of the Shoals)
 10780 | Shoals:2 | Reached skill level 20 in Axes
 10824 | Shoals:2 | Noticed Nikola
 10850 | Shoals:2 | Killed Nikola
 10903 | Shoals:2 | Found a gateway to a bazaar.
 11002 | Shoals:2 | Received a gift from Trog
 11003 | Shoals:2 | Got a dazzling battleaxe {god gift}
 11004 | Shoals:2 | Identified the +9 battleaxe of Nef Etir {drain, +Inv rC++
                  | Dex-4 Stlth+} (Trog gifted it to you on level 2 of the
                  | Shoals)
 11257 | Shoals:3 | Noticed a kraken
 11331 | Shoals:3 | Killed a kraken
 11331 | Shoals:3 | Reached skill level 5 in Dodging
 11384 | Shoals:3 | Reached skill level 5 in Armour
 11485 | Shoals:4 | Entered Level 4 of the Shoals
 11743 | Shoals:4 | Reached XP level 15. HP: 100/113 MP: 16/16
 12016 | Shoals:4 | Got a barnacled rune of Zot
 12098 | Shoals:4 | HP: 7/169 [drowned by a water nymph (10)]
 12101 | Shoals:4 | HP: 3/169 [barbs]
 12378 | Lair:3   | Gained mutation: You expend magic power (3 MP) to
                  | strengthen your wands. [potion of mutation]
 12378 | Lair:3   | Gained mutation: You possess an exceptional clarity of
                  | mind. [potion of mutation]
 12483 | Lair:3   | Found a hole to the Spider Nest.
 12505 | Spider:1 | Entered Level 1 of the Spider Nest
 12505 | Spider:1 | Noticed Rupert
 12534 | Lair:3   | Killed Rupert
 12865 | Spider:2 | Found the ring of Shadows {Umbra +Inv Stlth+}
 13087 | Spider:2 | Received a gift from Trog
 13223 | Spider:4 | Entered Level 4 of the Spider Nest
 13280 | Spider:4 | Noticed a ghost moth
 13285 | Spider:4 | Killed a ghost moth
 13416 | Spider:4 | Reached XP level 16. HP: 116/124 MP: 12/17
 13609 | Spider:4 | Paralysed by a hornet for 3 turns
 13934 | Spider:4 | Reached skill level 10 in Fighting
 14132 | Spider:4 | Got a gossamer rune of Zot
 14457 | Slime:1  | Entered Level 1 of the Pits of Slime
 14471 | Slime:1  | Received a gift from Trog
 14524 | Slime:2  | Noticed an acid blob
 14546 | Slime:2  | Killed an acid blob
 14582 | Slime:2  | Gained mutation: Your magical capacity is low. (-10% MP) [a
                  | shining eye]
 14598 | Slime:3  | Noticed an acid blob
 14613 | Slime:3  | Killed an acid blob
 14699 | Slime:3  | Received a gift from Trog
 14761 | Slime:3  | Noticed Dissolution
 14762 | Slime:3  | Noticed an acid blob
 14779 | Slime:4  | Noticed an acid blob
 14790 | Slime:4  | Noticed an acid blob
 14852 | Slime:4  | Killed an acid blob
 14858 | Slime:4  | Killed an acid blob
 14868 | Slime:4  | Reached skill level 10 in Armour
 14869 | Slime:4  | Reached XP level 17. HP: 86/144 MP: 5/16
 14958 | Slime:5  | Entered Level 5 of the Pits of Slime
 14974 | Slime:5  | Noticed an acid blob
 14986 | Slime:5  | Killed an acid blob
 15055 | Slime:5  | Noticed an acid blob
 15075 | Slime:5  | Killed an acid blob
 15131 | Slime:5  | Noticed an acid blob
 15133 | Slime:5  | Noticed an acid blob
 15137 | Slime:5  | Gained mutation: You are clumsy. (Dex -2) [a shining eye]
 15139 | Slime:5  | Gained mutation: Your spells are a little easier to cast,
                  | but a little less powerful. [a shining eye]
 15145 | Slime:5  | Noticed the Royal Jelly
 15251 | Slime:4  | Noticed an acid blob
 15262 | Slime:4  | Killed an acid blob
 15335 | Slime:4  | Reached skill level 21 in Axes
 15375 | Slime:5  | Noticed an acid blob
 15380 | Slime:5  | Noticed an acid blob
 15388 | Slime:5  | Killed an acid blob
 15393 | Slime:5  | Killed an acid blob
 15396 | Slime:5  | Gained mutation: You are weak. (Str -2) [a shining eye]
 15404 | Slime:5  | Gained mutation: Your body sometimes deteriorates upon
                  | taking damage. [a shining eye]
 15450 | Slime:5  | Noticed an acid blob
 15454 | Slime:5  | Noticed an acid blob
 15523 | Slime:5  | Killed an acid blob
 15525 | Slime:5  | Killed an acid blob
 15587 | Slime:5  | Noticed an acid blob
 15596 | Slime:5  | Killed an acid blob
 15601 | Slime:5  | Lost mutation: You possess an exceptional clarity of mind.
                  | [a shining eye]
 15605 | Slime:5  | Noticed an acid blob
 15616 | Slime:5  | HP: 5/144 [acid blob (28)]
 15616 | Slime:5  | HP: 2/144 [acid (3)]
 15725 | Slime:5  | Killed an acid blob
 15790 | Slime:5  | Found a viscous altar of Jiyva.
 15835 | Slime:5  | Noticed an acid blob
 15838 | Slime:5  | Killed an acid blob
 15841 | Slime:5  | Noticed an acid blob
 15844 | Slime:5  | Noticed an acid blob
 15846 | Slime:5  | Killed the Royal Jelly
 15846 | Slime:5  | Killed an acid blob
 15847 | Slime:5  | Noticed an acid blob
 15964 | Slime:5  | Killed an acid blob
 16034 | Slime:5  | Killed an acid blob
 16098 | Slime:5  | Killed an acid blob
 16223 | Slime:5  | Identified the Tome of Nocuous Enchantment
 16236 | Slime:5  | Identified the Volume of Execration and Heat
 16242 | Slime:5  | Got a transparent diamond amulet
 16300 | Slime:5  | Got a slimy rune of Zot
 16302 | Slime:5  | Got a shimmering granite ring
 16304 | Slime:5  | Identified the ring of Dafiv {rPois rN++ Int-4 Dex+4 SInv}
                  | (You found it on level 5 of the Pits of Slime)
 16307 | Slime:5  | Identified the amulet "Fuujownait" {Acrobat rC+ rN+ Slay+2
                  | SInv} (You found it on level 5 of the Pits of Slime)
 16318 | Slime:5  | Got a shimmering gossamer ring
 16320 | Slime:5  | Identified the ring of Sloth {rN+ MR+ Str+2 Dex-4 Slay+2}
                  | (You found it on level 5 of the Pits of Slime)
 16324 | Slime:5  | Got a scintillating tin ring
 16325 | Slime:5  | Identified the ring of Camaweemn {+Blink rPois rF- rC+++
                  | SInv} (You found it on level 5 of the Pits of Slime)
 16444 | Lair:5   | Reached skill level 22 in Axes
 16517 | Lair:1   | Lost mutation: Your magical capacity is low. (-10% MP)
                  | [potion of mutation]
 16517 | Lair:1   | Lost mutation: You are weak. (Str -2) [potion of mutation]
 16517 | Lair:1   | Gained mutation: You can translocate small distances at
                  | will. [potion of mutation]
 16517 | Lair:1   | Gained mutation: You have a pair of small horns on your
                  | head. [potion of mutation]
 16518 | Lair:1   | Lost mutation: Your spells are a little easier to cast, but
                  | a little less powerful. [potion of mutation]
 16518 | Lair:1   | Lost mutation: Your body sometimes deteriorates upon taking
                  | damage. [potion of mutation]
 16518 | Lair:1   | Lost mutation: You are clumsy. (Dex -2) [potion of
                  | mutation]
 16518 | Lair:1   | Gained mutation: You are weak. (Str -2) [potion of
                  | mutation]
 16518 | Lair:1   | Gained mutation: You are robust. (+10% HP) [potion of
                  | mutation]
 16519 | Lair:1   | Lost mutation: You are weak. (Str -2) [potion of mutation]
 16519 | Lair:1   | Lost mutation: You have a pair of small horns on your head.
                  | [potion of mutation]
 16519 | Lair:1   | Lost mutation: You can translocate small distances at will.
                  | [potion of mutation]
 16519 | Lair:1   | Gained mutation: You have a somewhat thin skeletal
                  | structure. (Dex +2, Stealth) [potion of mutation]
 16743 | D:3      | Fell from the grace of Trog
 16743 | D:3      | Became a worshipper of Makhleb the Destroyer
 16747 | D:3      | Learned a level 2 spell: Blink
 17008 | Orc:2    | Bought a book of Cantrips for 280 gold pieces
 17048 | Orc:2    | Bought a potion of cancellation for 112 gold pieces
 17048 | Orc:2    | Bought a potion of berserk rage for 70 gold pieces
 17081 | Orc:2    | Bought a scroll of summoning for 142 gold pieces
 17087 | Orc:2    | Bought a scroll of teleportation for 45 gold pieces
 17087 | Orc:2    | Bought a scroll of fog for 30 gold pieces
 17112 | Orc:2    | Bought an ancient scale mail for 351 gold pieces
 17122 | Orc:2    | Identified the +1 scale mail of the Amoeba {rF++ rN+ Dex-2
                  | SInv} (You bought it in a shop on level 2 of the Orcish
                  | Mines)
 17253 | D:12     | Reached skill level 1 in Spellcasting
 17287 | D:13     | Found a gate to the Vaults.
 17374 | D:15     | Entered Level 15 of the Dungeon
 17537 | Vaults:1 | Entered Level 1 of the Vaults
 17554 | Vaults:1 | Reached skill level 1 in Translocations
 17572 | Vaults:1 | Reached * piety under Makhleb
 17609 | Vaults:1 | Reached XP level 18. HP: 111/165 MP: 13/22
 17612 | Vaults:1 | Reached XP level 19. HP: 135/171 MP: 13/26
 17780 | Vaults:1 | Reached skill level 5 in Spellcasting
 17844 | Vaults:1 | Reached skill level 5 in Translocations
 17973 | Vaults:1 | Reached ** piety under Makhleb
 18071 | Vaults:1 | Reached skill level 1 in Invocations
 18155 | Vaults:2 | Learned a level 1 spell: Apportation
 18160 | Vaults:2 | Learned a level 4 spell: Passage of Golubria
 18164 | Vaults:2 | Learned a level 3 spell: Regeneration
 18179 | Vaults:2 | Reached skill level 1 in Charms
 18326 | Vaults:2 | Found a flickering gateway to a bazaar.
 18329 | Vaults:2 | Reached *** piety under Makhleb
 18338 | Bazaar   | Entered a bazaar
 18338 | Bazaar   | Found Lolaub's Book Shoppe.
 18338 | Bazaar   | Found Suacrah's Distillery.
 18338 | Bazaar   | Found Zaum's Book Emporium.
 18338 | Bazaar   | Found Joevvepy's Magic Scroll Shoppe.
 18372 | Bazaar   | Bought a scroll of fog for 24 gold pieces
 18372 | Bazaar   | Bought a scroll of fear for 42 gold pieces
 18374 | Bazaar   | Bought a potion of invisibility for 80 gold pieces
 18374 | Bazaar   | Bought a potion of haste for 100 gold pieces
 18526 | Vaults:3 | Reached skill level 1 in Necromancy
 18560 | Vaults:3 | Found Feomes's Antique Armour Emporium.
 18713 | Vaults:3 | Learned a level 2 spell: Shroud of Golubria
 18717 | Vaults:3 | Learned a level 3 spell: Spectral Weapon
 18737 | Vaults:4 | Found the brooch of Shielding {Reflect SH+8}
 18756 | Vaults:4 | Identified the +2 ring mail of Fortitude {Str+4 SInv} (You
                  | found it on level 4 of the Vaults)
 18821 | Vaults:4 | Reached skill level 5 in Necromancy
 19086 | Vaults:4 | Reached **** piety under Makhleb
 19113 | Vaults:4 | Reached skill level 5 in Evocations
 19225 | Vaults:5 | Entered Level 5 of the Vaults
 19239 | Vaults:5 | Reached XP level 20. HP: 145/177 MP: 9/27
 19257 | Vaults:5 | Reached ***** piety under Makhleb
 19606 | Vaults:4 | Noticed a golden dragon
 19641 | Vaults:4 | Found a runed door.
 19643 | Vaults:4 | Noticed Ipsuos's ghost (adept MfVM)
 20278 | Vaults:4 | Reached skill level 23 in Axes
 20347 | Vaults:5 | Noticed a golden dragon
 20360 | Vaults:4 | Killed a golden dragon
 20491 | Vaults:5 | Paralysed by a sphinx for 6 turns
 20493 | Vaults:5 | Noticed a golden dragon
 20496 | Vaults:5 | HP: 5/177 [two-headed ogre/giant club[a deep elf
                  | demonologist] (8)]
 20496 | Vaults:5 | Slain by a two-headed ogre

Skill      XL: |  1  2  3  4  5  6  7  8  9 10 11 12 13 14 15 16 17 18 19 20 |
---------------+-------------------------------------------------------------+-----
Axes           | 3 4 7 9 11 13 15 17 19 20 22 23 | 23.2
Fighting       | 5 6 11 | 11.1
Armour         | 2 4 6 7 10 | 10.1
Evocations     | 2 5 |  5.5
Dodging        | 3 5 9 |  9.2
Spellcasting   | 3 4 5 |  5.0
Translocations | 2 3 6 |  6.6
Invocations    | 4 |  4.7
Charms         | 3 |  3.8
Necromancy     | 6 |  6.4

Action                   |  1- 3 |  4- 6 |  7- 9 | 10-12 | 13-15 | 16-18 | 19-21 || total
-------------------------+-------+-------+-------+-------+-------+-------+-------++-------
Melee: Hand axe          |    58 |     3 |   317 |   388 |       |       |       ||   766
       Kick              |    14 |    20 |    81 |   190 |   218 |   199 |   195 ||   917
       Quarterstaff      |     6 |   107 |       |       |       |       |       ||   113
       Battleaxe         |       |       |       |   191 |   688 |   617 |   493 ||  1989
 Fire: Blowgun           |       |       |       |       |     1 |       |       ||     1
Throw: Tomahawk          |       |     9 |    10 |     2 |       |       |       ||    21
       Javelin           |       |       |       |     8 |     3 |       |     1 ||    12
 Cast: Regeneration      |       |       |       |       |       |       |    22 ||    22
       Shroud of Golubri |       |       |       |       |       |       |     9 ||     9
       Blink             |       |       |       |       |       |       |     2 ||     2
Invok: Berserk           |     2 |     2 |    15 |    25 |    27 |     8 |       ||    79
       Trog's Hand       |       |       |     7 |    19 |    31 |    17 |       ||    74
       Brothers in Arms  |       |       |       |     2 |     1 |     2 |       ||     5
       Lesser Servant of |       |       |       |       |       |       |     7 ||     7
 Abil: Evoke Invisibilit |       |     1 |       |       |     4 |       |       ||     5
Evoke: Wand              |       |       |     3 |    10 |     2 |     7 |     3 ||    25
       Phial of floods   |       |       |       |       |       |       |     1 ||     1
  Use: Scroll            |       |       |     8 |    11 |    18 |    10 |     5 ||    52
       Potion            |       |       |     1 |     3 |     2 |    10 |     6 ||    22
 Stab: Paralysed         |       |     1 |     2 |    11 |       |       |       ||    14
       Distracted        |       |       |       |     1 |       |     2 |     1 ||     4
       Invisible         |       |       |       |       |     1 |       |       ||     1
       Sleeping          |       |       |       |       |       |     1 |     2 ||     3
       Confused          |       |       |       |       |       |       |     2 ||     2
  Eat: Chunk             |       |     5 |    16 |    37 |    47 |     6 |     9 ||   120
       Ration            |       |       |     5 |     4 |       |     6 |     1 ||    16
Armor: Animal skin       |    23 |    46 |   112 |    33 |       |       |       ||   214
       Ring mail         |       |       |       |   137 |   375 |   357 |   273 ||  1142
       Troll leather arm |       |       |       |    18 |       |       |       ||    18
       Acid dragon scale |       |       |       |       |     2 |       |       ||     2
Dodge: Dodged            |    30 |    44 |   156 |   210 |   275 |   234 |   261 ||  1210
